 Dungeon Crawl Stone Soup version 0.18.1-47-g9310371 (webtiles) character file.

39 LORDOFBUTT the Sneak (level 3, 0/18 HPs)
             Began as a Vine Stalker Assassin on June 14, 2016.
             Succumbed to Endobalistic's ghost's poison
             ... on level 3 of the Dungeon.
             The game lasted 00:02:49 (1406 turns).

LORDOFBUTT the Sneak (Vine Stalker Assassin)        Turns: 1406, Time: 00:02:50

Health: 0/18       AC:  3    Str: 18    XL:     3   Next: 47%
Magic:  0/4        EV: 12    Int: 11    God:
Gold:   74         SH:  0    Dex: 16    Spells: 0 memorised, 2 levels left

rFire  . . .     SeeInvis .     k - +0 rapier
rCold  . . .     Gourm    .     c - +0 robe
rNeg   . . .     Faith    .     (no shield)
rPois  .         Spirit   +     (no helmet)
rElec  .         Dismiss  .     d - +0 cloak
rCorr  .         Reflect  .     (no gloves)
SustAt +         Harm     .     (no boots)
MR     .....                    (no amulet)
Stlth  +++.......               (no ring)
                                o - ring of sustain attributes

@: mighty, lethally poisoned (0 -> -8), very slightly contaminated, hasted, very
quick, not resistant to hostile enchantments, fairly stealthy
A: fangs 2, regeneration 1, magic shield, antimagic bite, no device heal 3, rot
immunity
a: no special abilities


You were on level 3 of the Dungeon.
You were not hungry.

You visited 1 branch of the dungeon, and saw 3 of its levels.

You collected 74 gold pieces.

Inventory:

Hand Weapons
 a - a +2 dagger
 b - a +0 blowgun
 k - a +0 rapier (weapon)
Missiles
 e - 6 poisoned needles
 f - 2 curare-tipped needles
Armour
 c - a +0 robe (worn)
 d - a +0 cloak (worn)
Jewellery
 o - a ring of sustain attributes (left hand)
 t - an uncursed amulet of rage
Scrolls
 h - a scroll of magic mapping {unknown}
 i - 7 scrolls of identify {unknown}
 j - a scroll of amnesia {unknown}
 m - a scroll of random uselessness {unknown}
 q - a scroll of teleportation
 u - a scroll of enchant armour {unknown}
 v - a scroll of remove curse {unknown}
Potions
 n - 2 potions of might
Comestibles
 g - 2 bread rations
 l - 3 meat rations


   Skills:
 + Level 1.9 Fighting
 + Level 1.9 Short Blades
 + Level 1.8 Throwing
 + Level 1.2 Dodging
 + Level 5.9 Stealth


You had 2 spell levels left.
You didn't know any spells.

Dungeon Overview and Level Annotations

Branches:
Dungeon (3/15)

Altars:

Annotations:
D:3 Endobalistic's ghost, amateur HuMo


Innate Abilities, Weirdness & Mutations

You have extremely sharp teeth.
Your natural rate of healing is unusually fast.
When hurt, damage is shared between your health and your magic reserves.
Your bite disrupts and absorbs the magic of your enemies.
Potions and wands cannot restore your health.
You are immune to rotting.


Message History

You are lethally poisoned!
Drink which item? (? for menu, Esc to quit)
It was a potion of might.
You feel very mighty all of a sudden.
You feel sick.
Endobalistic's ghost hits you but does no damage.
You are more poisoned.
Drink which item? (? for menu, Esc to quit)
It was a potion of haste.
You feel yourself speed up.
You feel sick. Endobalistic's ghost hits you.
* * * LOW HITPOINT WARNING * * *
You are more poisoned.
You are very lightly contaminated with residual magic.
Drink which item? (? for menu, Esc to quit)
It was a potion of curing.
You feel better. Endobalistic's ghost hits you.
* * * LOW HITPOINT WARNING * * *
You are lethally poisoned!
You miss Endobalistic's ghost. Your bite misses Endobalistic's ghost.
Endobalistic's ghost is lightly damaged.
You die...

##### #...# +...+
#...####. #....
###$....... #...##
#..@W..(.## .....
#.###.#...###.#..
#.# .#.......#.# #.#
(.......#.#### #.#
#(......#..... #.#
#.............
#.#####............o
#.....#..####......W
#####.#......†......


You could see Endobalistic's ghost.

Vanquished Creatures
  A worm (D:3)
  A dart slug (D:1)
  A ball python (D:3)
  8 bats
  A giant cockroach (D:1)
  7 goblins
  4 hobgoblins
  3 kobolds
  3 giant newts
  6 rats
35 creatures vanquished.

Notes
Turn   | Place    | Note
--------------------------------------------------------------
     0 | D:1      | LORDOFBUTT the Vine Stalker Assassin began the quest for the Orb.
     0 | D:1      | Reached XP level 1. HP: 11/11 MP: 2/2
    12 | D:1      | Reached skill level 5 in Stealth
    56 | D:1      | Reached skill level 1 in Dodging
    63 | D:1      | Reached XP level 2. HP: 12/15 MP: 1/3
   833 | D:2      | Reached XP level 3. HP: 18/18 MP: 4/4
  1323 | D:3      | Noticed Endobalistic's ghost (amateur HuMo)
  1406 | D:3      | Succumbed to Endobalistic's ghost's poison

Skill      XL: |  1 |
---------------+----+-----
Stealth        | 5 |  5.9
Dodging        | 1 |  1.2
Fighting       | |  1.9
Short Blades   | |  1.9
Throwing       | |  1.8

Action                   || total
-------------------------++-------
Melee: Dagger            ||    64
       Bite              ||    12
       Rapier            ||     6
 Fire: Blowgun           ||     2
  Use: Potion            ||     3
       Scroll            ||     1
 Stab: Sleeping          ||    12
  Eat: Pizza             ||     1
       Beef jerky        ||     1
Armor: Robe              ||    18
Dodge: Dodged            ||    37
